 Dungeon Crawl Stone Soup version 0.28-a0-723-g095bd1b44f (webtiles) character file.

Game seed: 13677453165798276309

41 MrPagan1517 the Magician (level 3, -5/25 HPs)
             Began as a Djinni Fire Elementalist on Oct 26, 2021.
             Slain by Sigmund (7 damage)
             ... on level 2 of the Dungeon.
             The game lasted 00:08:18 (1648 turns).

MrPagan1517 the Magician (Djinni Fire Elementalist) Turns: 1648, Time: 00:08:18

Health: -5/25      AC:  3    Str:  8    XL:     3   Next: 75%
Gold:   17         EV: 12    Int: 16    God:
                   SH:  0    Dex: 13

rFire   + + .      SeeInvis .   (no weapon)
rCold   x . .      Faith    .   (no shield)
rNeg    . . .      Spirit   .   a - +1 robe
rPois   ∞          Reflect  .   (no helmet)
rElec   .          Harm     .   (no cloak)
rCorr   .          Rampage  .   (no gloves)
Will    .....                   (boots unavailable)
Stlth   ++........              (no amulet)
HPRegen 0.08/turn               (no ring)
MPRegen 0.00/turn               (no ring)

@: flying
A: sickness immunity, fire resistance 2, cold vulnerability 1, float, innate
caster, hp casting, extra vitality 1
a: no special abilities


You were on level 2 of the Dungeon.
You visited 1 branch of the dungeon, and saw 2 of its levels.

You collected 17 gold pieces.

Inventory:

Armour
 a - a +1 robe (worn)
Scrolls
 f - a scroll of fog {unknown}
Potions
 b - a potion of flight {unknown}
 c - a potion of berserk rage {unknown}
 d - a potion of curing {unknown}
 e - a potion of heal wounds


   Skills:
 + Level 2.4 Dodging
 + Level 1.7 Stealth
 + Level 3.3 Spellcasting


You couldn't memorise any spells.
You knew the following spells:

 Your Spells              Type           Power      Damage    Failure   Level
a - Foxfire               Conj/Fire      52%        2x1d6     4%          1
b - Scorch                Fire           26%        2d6       7%          2
c - Conjure Flame         Conj/Fire      13%        6-21      14%         3
d - Inner Flame           Hex/Fire       13%        N/A       14%         3
e - Flame Wave            Conj/Fire      13%        3d5       41%         4
f - Freeze                Ice            52%        1d7       4%          1
Your spell library was empty.

Dungeon Overview and Level Annotations

Branches:
Dungeon (2/15)

Altars:

Annotations:
D:2 Sigmund


Innate Abilities, Weirdness & Mutations

You are immune to sickness and miasma.
You are immune to poison.
Your flesh is very heat resistant. (rF++)
You are vulnerable to cold. (rC-)
You float through the air rather than walking.
You learn spells naturally, not from books.
Your magical power is your life essence.
You have superior vitality. (+4 HP)


Message History

The foxfire hits the endoplasm.
The endoplasm is moderately wounded.
The foxfire hits the kobold.
The kobold is severely wounded.
The kobold closely misses you. The endoplasm hits you.
The endoplasm freezes you.
You are frozen.
You conjure some foxfire!
The kobold hits you with a +0 dagger.
The endoplasm jiggles.
The endoplasm hits you but does no damage.
Okay, then.
Flames lash the endoplasm.
The endoplasm is severely wounded.
The endoplasm's fire resistance burns away.
Sigmund barely misses you. The kobold hits you but does no damage.
The endoplasm hits you.
You are too injured to fight recklessly!
The foxfire hits the endoplasm!
The endoplasm is burned terribly!
You kill the endoplasm!
The foxfire hits the kobold.
You kill the kobold!
It was a potion of heal wounds.
You feel much better.
Sigmund hits you from afar with a +0 scythe!
An endoplasm comes into view.
There are monsters nearby!
Flames lash Sigmund.
Sigmund is lightly wounded.
Sigmund's fire resistance burns away.
Sigmund misses you.
Flames lash the endoplasm.
You kill the endoplasm!
Flames lash Sigmund.
Sigmund is burned terribly!
Sigmund is heavily wounded.
Sigmund gestures wildly while chanting.
Sigmund flickers and vanishes!
Deactivating autopickup; reactivate with Ctrl-A.
You are too injured to fight recklessly!
Something hits you!
* * * LOW HITPOINT WARNING * * *
Something hits you!
You die...

#####
......#####
.......@..###.#
..............#
#########.######
.......).....#
#######.###.##
...# #§# ##..#
#.# #..# #.#
#..# #.#


There were no monsters in sight!

Vanquished Creatures
  An adder (D:2)
  A dart slug (D:1)
  4 endoplasms
  2 giant cockroaches (D:1)
  2 goblins (D:2)
  3 hobgoblins (D:1)
  5 kobolds
  2 quokkas (D:1)
  2 ball pythons (D:1)
  2 frilled lizards
  3 rats (D:1)
27 creatures vanquished.

Vanquished Creatures (others)
  77 foxfires
77 creatures vanquished.

Grand Total: 104 creatures vanquished

Notes
Turn   | Place    | Note
-------+----------+-------------------------------------------
     0 | D:1      | MrPagan1517 the Djinni Fire Elementalist began the quest
                  | for the Orb.
     0 | D:1      | Reached XP level 1. HP: 15/15 MP: 0/0
   212 | D:1      | Reached XP level 2. HP: 5/21 MP: 0/0
   690 | D:1      | Reached skill level 3 in Spellcasting
   954 | D:1      | Reached XP level 3. HP: 24/25 MP: 0/0
   954 | D:1      | Learned a level 1 spell: Freeze
  1635 | D:2      | Noticed Sigmund
  1648 | D:2      | Slain by Sigmund

Illustrated notes

Levels and vault maps discovered:
D:1:      shiori_shiawase, layout_loops_ring
D:2:      layout_basic, dreamdust_ecumenical_altar_angels_and_demons,
          uniq_jessica, uniq_sigmund

Skill      XL: |  1  2 |
---------------+-------+-----
Spellcasting   | 3 |  3.3
Dodging        | |  2.4
Stealth        | |  1.7

Action                   || total
-------------------------++-------
Melee: Unarmed           ||     8
 Cast: Foxfire           ||    49
       Scorch            ||     4
  Use: Scroll            ||     1
       Potion            ||     1
Armor: Robe              ||     3
Dodge: Dodged            ||    18

Table legend: (Time is in decaauts)
 A = Elapsed time spent in this place.
 B = Non-inter-level travel time spent in this place.
 C = Inter-level travel time spent in this place.
 D = Time resting spent in this place.
 E = Time spent auto-exploring this place.
 F = Levels seen in this place.
 G = Mean time per level.
                   A        B        C        D        E       F      G
               +--------+--------+--------+--------+--------+-----+--------+
         Total |   1647 |   1640 |      7 |      0 |   1118 |   2 |  823.5 |
       Dungeon |   1647 |   1640 |      7 |      0 |   1118 |   2 |  823.5 |
               +--------+--------+--------+--------+--------+-----+--------+

Top non-repeatable levels by time:
     D:1: 1338 daAuts
     D:2: 309 daAuts
